 Dungeon Crawl Stone Soup version 0.28-a0-1510-gd0f6b136d3 (webtiles) character file.

Game seed: 11926302449631154123

3054 enile the Fighter (level 9, -3/83 HPs)
             Began as a Minotaur Wanderer on Jan 15, 2022.
             Was a Priest of Zin.
             Slain by Joseph (9 damage)
             ... on level 7 of the Dungeon.
             The game lasted 00:16:28 (8710 turns).

enile the Fighter (Minotaur Wanderer)               Turns: 8710, Time: 00:16:28

Health: -3/83      AC:  9    Str: 22    XL:     9   Next: 57%
Magic:  7/11       EV: 11    Int:  5    God:    Zin [***...]
Gold:   302        SH:  0    Dex: 13    Spells: 8/8 levels left

rFire   + . .      SeeInvis .   n - +0 war axe
rCold   . . .      Faith    .   (no shield)
rNeg    . . .      Spirit   .   H - +0 scale mail "Muydul" {rF+}
rPois   .          Reflect  .   (helmet restricted)
rElec   .          Harm     .   g - +0 cloak
rCorr   .          Rampage  .   (no gloves)
Will    +....                   (no boots)
Stlth   +.........              (no amulet)
HPRegen 0.23/turn               x - ring of willpower
MPRegen 0.12/turn               (no ring)

@: mighty, reciting, attractive
A: horns 2, retaliatory headbutt
a: Renounce Religion, Recite, Vitalisation, Imprison, Donate Gold


You were on level 7 of the Dungeon.
You worshipped Zin.
Zin was most pleased with you.
You visited 1 branch of the dungeon, and saw 7 of its levels.

You collected 335 gold pieces.
You donated 33 gold pieces to Zin.

Inventory:

Hand Weapons
 a - a +2 dagger
 c - a +0 hand axe
 m - a +4 quarterstaff of chaos
 n - a +0 war axe (weapon)
 C - a +2 dagger of venom
 E - a +2 mace of protection
 I - a +3 flail
Missiles
 B - 2 boomerangs
 K - 4 javelins
Armour
 e - a +0 leather armour
 g - a +0 cloak (worn)
 i - a +0 ring mail
 p - a +0 cloak
 v - a +0 chain mail
 w - a +0 ring mail of positive energy
 H - the +0 scale mail "Muydul" (worn) {rF+}
   (You found it on level 5 of the Dungeon)

   rF:        It protects you from fire.
Jewellery
 q - a +6 ring of intelligence
 x - a ring of willpower (left hand)
Wands
 t - a wand of flame (28) (quivered)
Scrolls
 b - 3 scrolls of summoning
 f - a scroll of fog
 j - 4 scrolls of teleportation
 k - 5 scrolls of identify
 l - a scroll of fear {unknown}
 o - 2 scrolls of vulnerability
 y - a scroll of noise
 D - 2 scrolls of enchant armour
 L - a scroll of amnesia {unknown}
 M - a scroll of silence {unknown}
Potions
 d - 3 potions of brilliance
 h - 2 potions of berserk rage {unknown}
 r - 2 potions of might
 s - 3 potions of curing
 u - 3 potions of flight
 z - a potion of attraction
 A - 2 potions of heal wounds {unknown}
 G - 2 potions of ambrosia {unknown}
 J - a potion of cancellation {unknown}


   Skills:
 - Level 9.0 Fighting
 - Level 7.0 Axes
 + Level 4.2 Throwing
 - Level 7.0 Armour
 - Level 3.0 Dodging
 - Level 3.2 Stealth
 - Level 5.0 Invocations
 - Level 3.0 Evocations


You had 8 spell levels left.
You didn't know any spells.
Your spell library contained the following spells:

 Spells                   Type           Power      Damage    Failure   Level
 Animate Skeleton         Necr           0%         N/A       77%         1
 Pain                     Necr           0%         1d4       77%         1
 Sandblast                Erth           0%         2d4       77%         1
 Sting                    Tmut/Pois      0%         1d3       77%         1
 Summon Small Mammal      Summ           0%         N/A       77%         1
 Passwall                 Tmut/Erth      0%         N/A       88%         2
 Poisonous Vapours        Pois/Air       0%         N/A       88%         2
 Call Canine Familiar     Summ           0%         N/A       98%         3
 Stone Arrow              Conj/Erth      0%         3d7       98%         3
 Summon Guardian Golem    Hex/Summ       0%         N/A       98%         3
 Vampiric Draining        Necr           0%         2d6       98%         3
 Animate Armour           Summ/Erth      0%         N/A       100%        4
 Olgreb's Toxic Radiance  Pois           0%         N/A       100%        4
 Summon Lightning Spire   Summ/Air       0%         N/A       100%        4
 Storm Form               Tmut/Air       0%         N/A       100%        7
 Lehudib's Crystal Spear  Conj/Erth      0%         10d2      100%        8
 Maxwell's Capacitive Co  Air            0%         ∞         100%        8


Dungeon Overview and Level Annotations

Branches:
Dungeon (7/15)
 Temple: D:4-7

Altars:
Trog
Zin

Annotations:
D:7 Joseph


Innate Abilities, Weirdness & Mutations

You have a pair of horns on your head.
You reflexively headbutt those who attack you in melee.


Message History

"To those who would swear an oath of hygiene on my altar..."
Joseph is dazed by your recitation.
Zin protects your body from unnatural transformation!
You feel woody for a moment. "...I bring ye salvation.
To the rest, ye fetid masses..."
Joseph is no longer dazed.
Joseph shoots a sling bullet.
The sling bullet hits you!
* * * LOW HITPOINT WARNING * * *
"...and the contaminated, the name of Zin shall be thy damnation."
You finish reciting Ablutions 20:58.
Joseph shoots a sling bullet.
The sling bullet hits you!
* * * LOW HITPOINT WARNING * * *
Okay, then.
Okay, then.
As you read the scroll of fog, it crumbles to dust.
The scroll dissolves into smoke.
You don't know any spells.
Okay, then.
It was a potion of might.
You feel very mighty all of a sudden.
Joseph shoots a sling bullet.
The sling bullet hits you!
* * * LOW HITPOINT WARNING * * *
Aiming: Imprison (12% risk of failure)
Press: ? - help, Dir - move target, f/p - Joseph
Aim: Joseph, wielding a +0 hunting sling, wearing a +0 ring mail and quivering sling bullets (purple smoke, heavily wounded) Zin imprisons Joseph with walls of pure silver!
You hear a deep rumble.
You are ready to recite again.
Okay, then.
It was a potion of attraction.
You feel attractive to monsters. Joseph is attracted toward you.
Activating: Recite (0% risk of failure)
Press: ? - help, Dir - look around, f - activate Look: Joseph, wielding a +0 hunting sling, wearing a +0 ring mail and quivering sling bullets (moderately wounded)
You clear your throat and prepare to recite. "It is just that the hordes of the Abyss shall be ousted..."
Joseph unwields a +0 hunting sling.
Joseph wields a +0 quarterstaff.
Joseph hits you with a +0 quarterstaff!
You die...

....................+
.......#....≈≈≈..≈###
#..###.#.≈.#..≈.≈..#
##.......≈≈#≈..#≈≈≈#
##.###.##≈≈≈..≈..≈.##
.........≈≈≈≈#♣.≈.≈.#
##.#####.≈≈♣≈≈.♣≈≈≈.#
#.# ##≈♣..≈.≈≈.♣.# #.#
#≈......@...########
##.#
#.≈≈.#≈≈@.♣.##.#...####
..)#
##.≈≈#≈...###.#.....#(#
≈###
#####..#.##.###...##§##
≈≈# ####.§....##§##.§§#
≈## ####.###§####§# ##
###@§§§§§§§#
##§######## ###


You could see Joseph.

Vanquished Creatures
  Grinder (D:3)
  Sigmund (D:3)
  2 steam dragons (D:7)
  Menkaure (D:6)
  Duvessa (D:6)
  2 sky beasts
  2 necrophages
  3 black bears
  An ogre (D:5)
  3 kobold brigands (D:6)
  Blork the orc (D:6)
  A wyvern skeleton (D:7)
  Dowan (D:6)
  A water moccasin skeleton (D:5)
  4 killer bees (D:4)
  A bullfrog zombie (D:6)
  3 hounds
  2 centaur zombies
  Crazy Yiuf (D:2)
  2 bullfrog skeletons
  7 iguanas
  2 orc wizards (D:6)
  Terence (D:3)
  A hound skeleton (D:5)
  Robin (D:2)
  6 adders
  A shadow imp (D:6)
  A white imp (D:5)
  4 ufetubi
  2 adder skeletons (D:4)
  2 worms
  4 dart slugs
  12 orcs
  8 ball pythons
  8 endoplasms
  A giant cockroach (D:2)
  21 goblins
  7 hobgoblins
  6 quokkas
  10 bats
  2 frilled lizards (D:3)
  13 kobolds
  4 rats
158 creatures vanquished.

Vanquished Creatures (collateral kills)
  The ghost of tatocazan the Covered, an amateur GrFi of Okawaru (D:5)
1 creature vanquished.

Grand Total: 159 creatures vanquished

Notes
Turn   | Place    | Note
-------+----------+-------------------------------------------
     0 | D:1      | enile the Minotaur Wanderer began the quest for the Orb.
     0 | D:1      | enile set off with the following items: a +2 dagger, a
                  | scroll of summoning, a +0 hand axe, a potion of
                  | lignification, a +0 leather armour
     0 | D:1      | Reached XP level 1. HP: 16/16 MP: 0/0
    51 | D:1      | Reached skill level 2 in Fighting
   196 | D:1      | Reached XP level 2. HP: 25/25 MP: 1/1
   311 | D:1      | Reached skill level 3 in Fighting
   585 | D:1      | Found a faded altar of an unknown god.
   595 | D:1      | Prayed at the altar of an unknown god.
   595 | D:1      | Became a worshipper of Zin the Law-Giver
   595 | D:1      | Reached * piety under Zin
   730 | D:2      | Reached XP level 3. HP: 30/33 MP: 2/2
   871 | D:2      | Reached skill level 4 in Fighting
   918 | D:2      | Reached skill level 1 in Armour
  1048 | D:2      | Noticed Robin
  1058 | D:2      | Reached XP level 4. HP: 13/40 MP: 3/3
  1061 | D:2      | HP: 1/40 [Robin (3)]
  1066 | D:2      | Killed Robin
  1547 | D:2      | Found a runed translucent door.
  1548 | D:2      | Noticed Crazy Yiuf
  1651 | D:2      | Killed Crazy Yiuf
  2189 | D:3      | Noticed Grinder
  2190 | D:3      | Was placed under penance by Zin
  2190 | D:3      | Paralysed by Grinder for 5 turns
  2214 | D:3      | Killed Grinder
  2215 | D:3      | Reached skill level 6 in Fighting
  2215 | D:3      | Reached skill level 5 in Axes
  2215 | D:3      | Reached XP level 5. HP: 31/50 MP: 4/4
  2215 | D:3      | Reached XP level 6. HP: 35/57 MP: 5/5
  2405 | D:3      | Noticed Terence
  2411 | D:3      | Killed Terence
  2541 | D:3      | Noticed Sigmund
  2547 | D:3      | Killed Sigmund
  2735 | D:3      | Was forgiven by Zin
  2778 | D:3      | Reached XP level 7. HP: 53/63 MP: 6/6
  3018 | D:4      | Reached skill level 5 in Armour
  3247 | D:4      | Reached skill level 7 in Fighting
  3372 | D:4      | Reached ** piety under Zin
  3891 | D:5      | Entered Level 5 of the Dungeon
  4073 | D:5      | Reached skill level 1 in Invocations
  4200 | D:5      | Reached XP level 8. HP: 71/73 MP: 8/8
  4232 | D:5      | Found a runed translucent door.
  4234 | D:5      | Noticed tatocazan's ghost (amateur GrFi)
  4431 | D:5      | Reached *** piety under Zin
  4710 | D:5      | Reached skill level 1 in Evocations
  4744 | D:5      | Identified the +0 scale mail "Muydul" {rF+}
  5026 | D:5      | Zin protects you from harm!
  5027 | D:5      | HP: 1/73 [tatocazan's ghost (11)]
  5036 | D:5      | Killed tatocazan's ghost
  5564 | D:6      | Noticed Menkaure
  5868 | D:6      | Noticed Duvessa
  5871 | D:6      | Killed Menkaure
  5871 | D:6      | Noticed Blork the orc
  5871 | D:6      | Noticed Dowan
  5872 | D:6      | Reached skill level 8 in Fighting
  6622 | D:6      | Killed Blork the orc
  6661 | D:6      | Reached XP level 9. HP: 36/81 MP: 11/11
  7409 | D:6      | Reached skill level 5 in Invocations
  7603 | D:6      | Killed Duvessa
  7608 | D:6      | Killed Dowan
  7884 | D:6      | Found a bloodstained altar of Trog.
  8150 | D:7      | Reached skill level 9 in Fighting
  8662 | D:7      | Reached **** piety under Zin
  8682 | D:7      | Noticed Joseph
  8700 | D:7      | HP: 3/83 [Joseph/sling bullet (12)]
  8710 | D:7      | Slain by Joseph

Illustrated notes

Levels and vault maps discovered:
D:1:      mainiacjoe_arrival_reflecting_pool, layout_loops_cross,
          ebering_ecumenical_altar_mist
D:2:      layout_rooms, kennysheep_generic_room_15, uniq_crazy_yiuf_cottage,
          uniq_robin
D:3:      layout_basic, supply_closet_lemuel, corner_web_ring, uniq_grinder,
          uniq_terence, uniq_sigmund
D:4:      layout_basic
D:5:      kennysheep_six_static_rooms, layout_basic, ebering_ghost_sewer_d,
          dk_vineyard_3
D:6:      layout_layer_cave, trog_ov_bears_minmay, kennysheep_big_empty_room,
          st_stairs_10, uniq_menkaure, uniq_blork_the_orc, uniq_duvessa
D:7:      layout_loops_corners, temple_pool_b, serial_rivers,
          chequers_serial_rivers_large_a, chequers_serial_rivers_small_3,
          chequers_serial_rivers_small_3, chequers_serial_rivers_marsh,
          chequers_serial_rivers_small_a, grunt_ministairs_5,
          chequers_serial_rivers_small_3, uniq_maggie, uniq_joseph

Skill      XL: |  1  2  3  4  5  6  7  8  9 |
---------------+----------------------------+-----
Fighting       | 2 3 4 6 7 8 9 |  9.0
Armour         | 2 4 6 7 |  7.0
Throwing       | 2 4 |  4.2
Axes           | 5 6 7 |  7.0
Invocations    | 2 4 5 |  5.0
Evocations     | 3 |  3.0
Dodging        | 3 |  3.0
Stealth        | |  3.2

Action                   |  1- 3 |  4- 6 |  7- 9 || total
-------------------------+-------+-------+-------++-------
Melee: Dagger            |    53 |       |       ||    53
       Headbutt          |    14 |     5 |    51 ||    70
       War axe           |    17 |    61 |   241 ||   319
       Punch             |       |     1 |     3 ||     4
Throw: Javelin           |     5 |     7 |    16 ||    28
       Boomerang         |       |       |    17 ||    17
Invok: Recite            |       |       |     7 ||     7
       Imprison          |       |       |     2 ||     2
Evoke: Wand              |       |       |     3 ||     3
  Use: Potion            |       |     4 |     5 ||     9
       Scroll            |       |       |     7 ||     7
 Stab: Sleeping          |     6 |       |     1 ||     7
Armor: Leather armour    |    18 |     2 |       ||    20
       Ring mail         |       |    16 |    35 ||    51
       Skin              |       |     9 |       ||     9
       Chain mail        |       |     1 |     5 ||     6
       Scale mail        |       |       |    72 ||    72
Dodge: Dodged            |    43 |    34 |   147 ||   224

Table legend: (Time is in decaauts)
 A = Elapsed time spent in this place.
 B = Non-inter-level travel time spent in this place.
 C = Inter-level travel time spent in this place.
 D = Time resting spent in this place.
 E = Time spent auto-exploring this place.
 F = Levels seen in this place.
 G = Mean time per level.
                   A        B        C        D        E       F      G
               +--------+--------+--------+--------+--------+-----+--------+
         Total |   8809 |   8607 |    202 |   1391 |   5892 |   7 | 1258.4 |
       Dungeon |   8809 |   8607 |    202 |   1391 |   5892 |   7 | 1258.4 |
               +--------+--------+--------+--------+--------+-----+--------+

Top non-repeatable levels by time:
     D:5: 2563 daAuts
     D:6: 1734 daAuts
     D:3: 1296 daAuts
     D:2: 969 daAuts
     D:4: 946 daAuts
     D:1: 721 daAuts
     D:7: 578 daAuts
